 Dungeon Crawl Stone Soup version 0.31-a0-237-g2d982f9f85 (webtiles) character file.

Game seed: 16772306125329457013

35 spiderkeys the Ducker (level 3, -3/28 HPs)
             Began as a Demonspawn Gladiator on July 11, 2023.
             Killed from afar by Sigmund (8 damage)
             ... with a puff of flame
             ... on level 2 of the Dungeon.
             The game lasted 00:02:12 (1157 turns).

spiderkeys the Ducker (Demonspawn Gladiator)        Turns: 1157, Time: 00:02:13

Health: -3/28      AC:  4    Str: 14 (16) XL:     3   Next: 16%
Magic:  3/3        EV: 12    Int:  6 (9)  God:
Gold:   10         SH:  0    Dex: 13 (14) Spells: 2/2 levels left

rFire   . . .        a - +0 trident
rCold   . . .        (no shield)
rNeg    . . .        b - +0 leather armour
rPois   .            c - +0 helmet
rElec   .            (no cloak)
rCorr   .            (no gloves)
SInv    .            (no boots)
Will    .....        (no amulet)
Stlth   +            (no ring)
HPRegen 0.24/turn    (no ring)
MPRegen 0.08/turn

%: no passive effects
@: attractive, hasted, very quick
A: condensation shield, weakness stinger 1
a: no special abilities


You were on level 2 of the Dungeon.
You visited 1 branch of the dungeon, and saw 2 of its levels.

You collected 10 gold pieces.


Innate Abilities, Weirdness & Mutations

A meltable shield of frost defends you. (SH +0)
You have a small tail.


   Skills:
 + Level 2.5 Fighting
 + Level 3.0 Polearms
 + Level 2.2 Throwing
 + Level 3.0 Dodging


You had 2 spell levels left.
You didn't know any spells.
Your spell library was empty.

Inventory:

Hand Weapons
 a - a +0 trident (weapon)
Missiles
 d - 3 throwing nets (quivered) {=f!f}
 e - a javelin
 h - 14 stones
Armour
 b - a +0 leather armour (worn)
 c - a +0 helmet (worn)
 n - a +0 scale mail
   (You found it on level 2 of the Dungeon)
Scrolls
 l - 2 scrolls of teleportation {@r4}
Potions
 f - a potion of resistance

Dungeon Overview and Level Annotations

Branches:
Dungeon (2/15) Zot: 10830

Altars:

Annotations:
D:2 Sigmund

############
##..........#
##...@@......#
#<...........#
#............#
#.......<....#
#............###
#..............#
...............##
#########...)..######
.P. #.####......#


You could see Sigmund.


Message History

A magic dart appears from out of thin air!
The magic dart hits you! 😮 HP[-7]
You take 7 damage, and now have 21/28 hp.
MASSIVE DAMAGE!! (PAUSE) 😕 HP[+1]
There is a stone staircase leading up here.
You climb upwards.
Reactivating autopickup.
There is a stone staircase leading down here. 😕 HP[+1]
You start resting. 😎 HP[+5]
Your hp is fully restored (28).
Unknown command.
You start waiting.
Your hearing returns.
There is a stone staircase leading down here.
You climb downwards.
Level annotation: Sigmund
There is a stone staircase leading up here.
A rat is nearby!
A rat is nearby!
Sigmund shouts!
You reach to attack!
You hit the rat but do no damage. You hit the rat.
You kill the rat!
Blink to where?
Press: ? - help, Dir - move target
As you read the scroll labelled ZOETHRALUQO, it crumbles to dust.
It was a scroll of blinking.
You climb upwards.
There is a stone staircase leading down here.
It was a potion of curing.
You feel better.
It was a potion of degeneration.
There was something very wrong with that liquid.
You feel weakened.
You feel dopey.
You feel clumsy.
It was a potion of attraction.
You feel attractive to monsters.
It was a potion of haste.
You feel yourself speed up.
You climb downwards.
Level annotation: Sigmund Sigmund is attracted toward you.
There is a stone staircase leading up here.
You closely miss Sigmund.
Your tail-slap misses Sigmund.
Sigmund closely misses you.
You hit Sigmund. You hit Sigmund.
Your tail-slap misses Sigmund.
Sigmund gestures at you while chanting. You resist with significant effort.
You hit Sigmund but do no damage. You block Sigmund's attack.
You hit Sigmund. You hit Sigmund but do no damage.
You tail-slap Sigmund, but do no damage.
Sigmund closely misses you.
You closely miss Sigmund. You hit Sigmund but do no damage.
Sigmund gestures at you while chanting.
You are confused.
Sigmund misses you. Sigmund is attracted toward you.
Sigmund hits you with a +0 scythe! 😮 HP[-7]
You take 7 damage, and now have 21/28 hp.
MASSIVE DAMAGE!! (PAUSE) 😕 HP[+1] Sigmund points at you and mumbles some strange words.
The magic dart hits you!
* * * LOW HITPOINT WARNING * * *
Sigmund is attracted toward you. 😨 HP[-10]
You take 10 damage, and now have 12/28 hp.
MASSIVE DAMAGE!! (PAUSE) Sigmund is attracted toward you.
You miss Sigmund.
Your tail-slap misses Sigmund.
Sigmund points at you and mumbles some strange words.
The magic dart hits you.
* * * LOW HITPOINT WARNING * * *
😱 HP[-6]
You take 6 damage, and now have 6/28 hp.
MASSIVE DAMAGE!! (PAUSE)
You hit Sigmund but do no damage.
You tail-slap Sigmund, but do no damage.
You feel less confused.
Sigmund laughs darkly.
You block Sigmund's attack.
You barely miss Sigmund. You hit Sigmund. Sigmund closely misses you. 😱 HP[+1]
You hit Sigmund. You closely miss Sigmund. Sigmund hits you with a +0 scythe.
* * * LOW HITPOINT WARNING * * *
😱 HP[-2]
You take 2 damage, and now have 5/28 hp.
You closely miss Sigmund. You closely miss Sigmund.
Sigmund gestures at you while chanting. The puff of flame hits you!
Your condensation shield dissipates!
You die...

Skill      XL: |  1  2 |
---------------+-------+-----
Throwing       | 2 |  2.2
Polearms       | 3 |  3.0
Dodging        | 3 |  3.0
Fighting       | |  2.5

Action                     || total
---------------------------++-------
  Melee: Trident           ||   104
         Punch             ||     1
         Tailslap          ||     5
    Use: Potion            ||     5
         Scroll            ||     3
   Stab: Sleeping          ||     1
 Armour: Leather armour    ||    18
  Dodge: Dodged            ||    38
  Block: Other             ||     9

Levels and vault maps discovered:
D:1:      lightli_arrival_windingriver, layout_basic, hex_medium,
          hangedman_decor_points
D:2:      kennysheep_big_flooded_room, layout_rooms, basic_altar,
          serial_aquarium, aquarium_bridge_island_small
          [aquarium_subvault_small_open, aquarium_subvault_wall,
          aquarium_subvault_bridge, aquarium_subvault_bridge,
          aquarium_subvault_wall], aquarium_bridge_square
          [aquarium_subvault_window, aquarium_subvault_window,
          aquarium_subvault_bridge, aquarium_subvault_balcony],
          aquarium_window_1, aquarium_window_3, aquarium_window_fake,
          aquarium_window_fake, aquarium_view_2c, aquarium_view_2c,
          chequers_serial_rivers_micro_b, uniq_sigmund, uniq_crazy_yiuf_cottage

Notes
Turn   | Place    | Note
-------+----------+-------------------------------------------
     0 | D:1      | spiderkeys the Demonspawn Gladiator began the quest for the
                  | Orb.
     0 | D:1      | Reached XP level 1. HP: 16/16 MP: 1/1
     0 | D:1      | magus.rc [v1.11.3]
    92 | D:1      | Reached skill level 2 in Throwing
    95 | D:1      | You feel monstrous as your demonic heritage exerts itself.
    95 | D:1      | Discovered your monstrous ancestry.
    95 | D:1      | Gained mutation: You have a small tail. [demonic ancestry]
    95 | D:1      | Reached XP level 2. HP: 22/22 MP: 2/2
   661 | D:1      | Reached skill level 3 in Polearms
   661 | D:1      | Reached skill level 3 in Dodging
   879 | D:2      | Gained mutation: A meltable shield of frost defends you.
                  | (SH +0) [demonic ancestry]
   879 | D:2      | Reached XP level 3. HP: 28/28 MP: 3/3
  1057 | D:2      | Noticed Sigmund
  1150 | D:2      | HP: 6/28 [Sigmund/magic dart (6)]
  1155 | D:2      | HP: 5/28 [Sigmund/+0 scythe (2)]
  1157 | D:2      | Killed from afar by Sigmund

Vanquished Creatures
  2 dart slugs (D:1)
  An endoplasm (D:2)
  3 giant cockroaches
  4 goblins
  3 jackals (D:1)
  5 kobolds
  A quokka (D:1)
  3 ball pythons (D:1)
  2 bats (D:2)
  2 frilled lizards (D:1)
  2 rats
28 creatures vanquished.

Table legend:
 A = Non-vault XP
 B = Vault XP
 C = Vault XP percentage of total XP
 D = Non-vault monster count
 E = Vault monster count
 F = Vault count percentage of total count
                 A         B        C        D         E       F
            +---------+---------+-------+---------+---------+-------
      Total |      50 |       0 |   0.0 |      28 |       0 |   0.0
            +---------+---------+-------+---------+---------+-------
        D:1 |      40 |       0 |   0.0 |      21 |       0 |   0.0
        D:2 |      10 |       0 |   0.0 |       7 |       0 |   0.0
            +---------+---------+-------+---------+---------+-------

Skill      XL: |  1  2 |
---------------+-------+-----
Throwing       | 2 |  2.2
Polearms       | 3 |  3.0
Dodging        | 3 |  3.0
Fighting       | |  2.5

Action                     || total
---------------------------++-------
  Melee: Trident           ||   104
         Punch             ||     1
         Tailslap          ||     5
    Use: Potion            ||     5
         Scroll            ||     3
   Stab: Sleeping          ||     1
 Armour: Leather armour    ||    18
  Dodge: Dodged            ||    38
  Block: Other             ||     9

Illustrated notes

Table legend:
 A = Kills in this place as a percentage of kills in the entire game.
 B = Kills by you in this place as a percentage of kills by you in the entire game.
 C = Kills by friends in this place as a percentage of kills by friends in the entire game.
 D = Other kills in this place as a percentage of other kills in the entire game.
 E = Experience gained in this place as a percentage of experience gained in the entire game.
 F = Experience gained in this place divided by the number of levels of this place that you have seen.
                   A       B       C       D       E      F
               +-------+-------+-------+-------+-------+----------------------
         Total | 100.0 | 100.0 |   N/A |   N/A | 100.0 |  25.0
       Dungeon | 100.0 | 100.0 |   N/A |   N/A | 100.0 |  25.0
               +-------+-------+-------+-------+-------+----------------------

Table legend: (Time is in decaauts)
 A = Elapsed time spent in this place.
 B = Non-inter-level travel time spent in this place.
 C = Inter-level travel time spent in this place.
 D = Time resting spent in this place.
 E = Time spent auto-exploring this place.
 F = Levels seen in this place.
 G = Mean time per level.
                   A        B        C        D        E       F      G
               +--------+--------+--------+--------+--------+-----+--------+
         Total |   1168 |   1124 |     44 |     60 |    843 |   2 |  584.0 |
       Dungeon |   1168 |   1124 |     44 |     60 |    843 |   2 |  584.0 |
               +--------+--------+--------+--------+--------+-----+--------+

Top non-repeatable levels by time:
     D:1: 945 daAuts
     D:2: 222 daAuts
